 Dungeon Crawl Stone Soup version 0.22-a0-815-gb582571 (webtiles) character file.

32 iamserjio the Chiller (level 3, -2/24 HPs)
             Began as a Barachi Ice Elementalist on July 23, 2018.
             Slain by an orc
             ... wielding a +0 war axe
              (4 damage)
             ... on level 3 of the Dungeon.
             The game lasted 00:04:12 (873 turns).

iamserjio the Chiller (Barachi Ice Elementalist)     Turns: 873, Time: 00:04:13

Health: -2/24      AC:  3    Str:  9    XL:     3   Next: 27%
Magic:  0/7        EV: 12    Int: 16    God:
Gold:   45         SH:  0    Dex: 12    Spells: 5/8 levels left

rFire    . . .     SeeInvis .   b - -3 club (curse)
rCold    . . .     Gourm    .   (no shield)
rNeg     . . .     Faith    .   a - +0 robe
rPois    .         Spirit   .   (no helmet)
rElec    .         Reflect  .   f - +0 cloak
rCorr    .         Harm     .   (no gloves)
MR       .....                  (no boots)
Stlth    ++........             (no amulet)
HPRegen  0.08/turn              (no ring)
MPRegen  0.10/turn              (no ring)

@: slow
A: +LOS, swims, slowness 1, strong legs 1
a: Hop


You were on level 3 of the Dungeon.
You were hungry.

You visited 1 branch of the dungeon, and saw 3 of its levels.

You collected 45 gold pieces.

Inventory:

Hand Weapons
 b - a cursed -3 club (weapon)
 e - a +0 spear
 j - a +1 dagger of speed
Missiles
 d - 7 javelins (quivered)
Armour
 a - a +0 robe (worn)
 f - a +0 cloak (worn)
 g - a cursed +0 ring mail
Scrolls
 i - a scroll of remove curse {unknown}
 k - a scroll of magic mapping {unknown}
 m - a scroll of identify {unknown}
 n - a scroll of enchant armour {unknown}
 o - a scroll of blinking {unknown}
Potions
 h - a potion of mutation {unknown}
 l - a potion of brilliance {unknown}
 p - a potion of heal wounds {unknown}
Comestibles
 c - 7 rations


   Skills:
 - Level 2.1 Dodging
 - Level 1.7 Stealth
 + Level 3.0 Spellcasting
 - Level 1.1 Conjurations
 + Level 4.4 Ice Magic


You had 5 spell levels left.
You knew the following spells:

 Your Spells              Type           Power        Failure   Level  Hunger
a - Freeze                Ice            ###.         3%          1    #......
b - Throw Frost           Conj/Ice       ##....       9%          2    ##.....

Your spell library contained the following spells:

 Spells                   Type           Power        Failure   Level  Hunger
 Summon Ice Beast         Ice/Summ       #.......     58%         4    #####..
 Ozocubu's Armour         Chrm/Ice       #.......     22%         3    ###....
 Throw Icicle             Conj/Ice       ##......     52%         4    #####..


Dungeon Overview and Level Annotations

Branches:
Dungeon (3/15)

Altars:
Trog


Innate Abilities, Weirdness & Mutations

Shadows flee at your approach. (+LOS)
You can swim through water.
You cover ground slowly.
You can hop short distances.


Message History

* * * LOW HITPOINT WARNING * * *
You hit the orc.
The orc is lightly wounded.
The orc hits you but does no damage.
You hit the orc.
The orc is moderately wounded.
The orc closely misses you.
Casting: Freeze (safe; 3% risk of failure)
Confirm with . or Enter, or press ? or * to list all spells.
Aiming: Freeze (safe; 3% risk of failure)
Press: ? - help, Shift-Dir - straight line, f - orc
Aim: an orc, wielding a war axe (moderately wounded)
You freeze the orc.
The orc is severely wounded.
The orc hits you with a war axe.
* * * LOW HITPOINT WARNING * * *
You hit the orc but do no damage.
The orc is severely wounded.
The orc hits you with a war axe.
You die...

#.#......#..<#.#
#.#......#.###.#
#.#............#
#..##......#####
##.##......# #.###.#'###
#########.###.#.#
#..........##.#.#
#.......@#(##.#.#########
#......†o#†##.#..........
#........#).#.###########
#........##.#...)......##
#..$.....##.#(########.##
#........##.#.. #.##
#...........#.. #...
#######)....#... ####
#.......##


You could see an orc.

Vanquished Creatures
  A worm (D:3)
  A dart slug (D:2)
  A leopard gecko (D:1)
  A ball python (D:1)
  3 bats
  A giant cockroach (D:1)
  5 goblins
  3 hobgoblins
  2 frilled lizards (D:1)
  4 kobolds
  4 rats
26 creatures vanquished.

Notes
Turn   | Place    | Note
-------+----------+-------------------------------------------
     0 | D:1      | iamserjio the Barachi Ice Elementalist began the quest for the Orb.
     0 | D:1      | Reached XP level 1. HP: 13/13 MP: 3/3
   117 | D:1      | Reached XP level 2. HP: 6/19 MP: 1/5
   122 | D:1      | Reached skill level 4 in Ice Magic
   442 | D:2      | Found a bloodstained altar of Trog.
   683 | D:2      | Reached XP level 3. HP: 18/24 MP: 1/7
   857 | D:3      | Learned a level 2 spell: Throw Frost
   873 | D:3      | Slain by an orc

Vault maps used:
D:1:      lemuel_arrival_room
D:2:      bloody_trog
D:3:      lemuel_round_altar, uniq_robin

Skill      XL: |  1  2 |
---------------+-------+-----
Ice Magic      | 4 |  4.4
Spellcasting   | 3 |  3.0
Dodging        | |  2.1
Stealth        | |  1.7
Conjurations   | |  1.1

Action                   || total
-------------------------++-------
Melee: Club              ||    41
 Cast: Freeze            ||    48
Armor: Robe              ||    29
Dodge: Dodged            ||    66

Table legend:
 A = Spawn XP
 B = Non-spawn XP
 C = Spawn XP percentage of total XP
 D = Spawn monster count
 E = Non-spawn monster count
 F = Spawn count percentage of total count
 G = Total turns spent on level
                    A         B        C        D         E        F      G
               +---------+---------+-------+---------+---------+-------+---------
         Total |       0 |      47 |   0.0 |       0 |      26 |   0.0 |   873
               +---------+---------+-------+---------+---------+-------+---------
           D:1 |       0 |      23 |   0.0 |       0 |      15 |   0.0 |   252
           D:2 |       0 |      14 |   0.0 |       0 |       7 |   0.0 |   484
           D:3 |       0 |      10 |   0.0 |       0 |       4 |   0.0 |   137
               +---------+---------+-------+---------+---------+-------+---------
